 Dungeon Crawl Stone Soup version 0.19-a0-736-g3ff4acb (webtiles) character file.

53 Implojin the Ruffian (level 3, -5/36 HPs)
             Began as a Troll Fighter on June 22, 2016.
             Splashed by a jelly's acid (8 damage)
             ... on level 4 of the Dungeon.
             The game lasted 00:03:45 (493 turns).

Implojin the Ruffian (Troll Fighter)                 Turns: 493, Time: 00:03:46

Health: -5/36      AC: -3    Str: 24    XL:     3   Next: 64%
Magic:  2/2        EV:  8    Int:  4    God:
Gold:   28         SH:  8    Dex: 10    Spells: 0 memorised, 2 levels left

rFire  . . .     SeeInvis .       - Unarmed
rCold  . . .     Gourm    +     a - +0 robe
rNeg   . . .     Faith    .     b - +0 shield
rPois  .         Spirit   .     (helmet restricted)
rElec  .         Dismiss  .     (no cloak)
rCorr  .         Reflect  .     (gloves unavailable)
SustAt .         Harm     .     (boots unavailable)
MR     .....                    (no amulet)
Stlth  +.........               (no ring)
                                (no ring)

@: corroded, not resistant to hostile enchantments, very unstealthy
A: unfitting armour, claws 3, fast metabolism 3, gourmand, regeneration 2,
shaggy fur 1, tough skin 2
a: no special abilities


You were on level 4 of the Dungeon.
You were very full.

You visited 1 branch of the dungeon, and saw 5 of its levels.

You collected 28 gold pieces.

Inventory:

Armour
 a - a +0 robe (worn)
 b - a +0 shield (worn)
Wands
 l - a wand of digging (17/24)
Scrolls
 f - a scroll of enchant weapon {unknown}
 i - a scroll of identify {unknown}
 m - a scroll of amnesia {unknown}
Potions
 c - a potion of might
 e - a potion of heal wounds {unknown}
 h - a potion of curing {unknown}
Comestibles
 d - 4 bread rations
 g - 2 meat rations
 j - 2 chunks of flesh
 k - 2 fruits


   Skills:
 - Level 2.4 Fighting
 - Level 2.4 Dodging
 - Level 2.4 Shields
 * Level 4.0 Unarmed Combat


You had 2 spell levels left.
You didn't know any spells.

Dungeon Overview and Level Annotations

Branches:
Dungeon (5/15)
 Temple: D:4-7

Altars:
Pakellas


Innate Abilities, Weirdness & Mutations

You are too large for most types of armour.
You have claws for hands.
Your metabolism is lightning-fast.
You like to eat raw meat.
You heal very quickly.
You are covered in fur. (AC +1)
You have very tough skin. (AC +2)


Message History

A gnoll comes into view. It is wielding a spear of piercing.
You barely miss the adder skeleton.
The gnoll shouts!
The adder skeleton barely misses you.
A gnoll comes into view. It is wielding a spear.
You block the giant newt's attack. The adder skeleton bites you.
There is a stone staircase leading up here.
You claw the giant newt!
You kill the giant newt!
You block the adder skeleton's attack.
You barely miss the adder skeleton.
The adder skeleton bites you but does no damage.
A gnoll comes into view. It is wielding a whip.
The gnoll shouts!
You claw the jelly! The acid corrodes you!
Your claws burn!
The jelly is severely wounded.
You block the adder skeleton's attack. The jelly closely misses you.
The adder skeleton bites you.
An adder zombie comes into view.
The jelly hits you.
You are splashed with acid!
The acid burns!
The adder skeleton bites you.
* * * LOW HITPOINT WARNING * * *
The gnoll hits you from afar with a spear of piercing.
* * * LOW HITPOINT WARNING * * *
* * * LOW HITPOINT WARNING * * *
You climb upwards.
There is a stone staircase leading down here.
You scratch the jelly but do no damage.
Your claws burn!
* * * LOW HITPOINT WARNING * * *
The jelly is severely wounded.
The jelly hits you.
* * * LOW HITPOINT WARNING * * *
You are splashed with acid!
The acid corrodes you!
The acid burns!
* * * LOW HITPOINT WARNING * * *
Okay, then.
The jelly hits you.
* * * LOW HITPOINT WARNING * * *
You are splashed with acid!
The acid burns!
You die...

#.. ....
#..##...
#......#
##......#
.......#
#.....#
#.....#
#.....#
#....@#
#...J.#
#...>.#
#.....#
#.....#
#.....#
#.....#.##
....#.#.#
###.#.#.#


You could see a jelly.

Vanquished Creatures
  Robin (D:2)
  An adder (D:2)
  An ooze (D:4)
  A giant gecko (D:3)
  2 orcs
  9 goblins
  3 hobgoblins
  A kobold (D:1)
  A bat (D:1)
  2 giant newts
  4 rats
26 creatures vanquished.

Notes
Turn   | Place    | Note
--------------------------------------------------------------
     0 | D:1      | Implojin the Troll Fighter began the quest for the Orb.
     0 | D:1      | Reached XP level 1. HP: 22/22 MP: 0/0
   176 | D:2      | Reached skill level 3 in Unarmed Combat
   176 | D:2      | Reached XP level 2. HP: 18/29 MP: 1/1
   203 | D:3      | Noticed Robin
   337 | D:2      | Killed Robin
   337 | D:2      | Reached XP level 3. HP: 34/36 MP: 2/2
   439 | D:3      | You fall through a shaft!
   459 | D:4      | Found an oddly glowing altar of Pakellas.
   472 | D:4      | Reached skill level 4 in Unarmed Combat
   478 | D:5      | Entered Level 5 of the Dungeon
   493 | D:4      | Splashed by a jelly's acid

Vault maps used:
D:1:      saegor_arrival_simple_b
D:2:      first_bread, uniq_terence
D:3:      grunt_temple_overflow_lords_of_destruction,
          grunt_temple_overflow_growth_and_decay, marbit_many_paths,
          kennysheep_jessica_study, uniq_robin
D:4:      minmay_shop_star, grunt_qazlal_clouds, nicolae_overflow_crystal_walls
D:5:      lemuel_doored_altar, kennysheep_mini, minmay_misc_feat_doors

Skill      XL: |  1  2  3 |
---------------+----------+-----
Unarmed Combat | 3 4 |  4.0
Fighting       | |  2.4
Dodging        | |  2.4
Shields        | |  2.4

Action                   || total
-------------------------++-------
Melee: Unarmed           ||   106
  Use: Scroll            ||     1
  Eat: Chunk             ||     9
Armor: Robe              ||    56
Dodge: Dodged            ||    48
Block: Shield            ||    76

Table legend:
 A = Turns spent in this place as a percentage of turns spent in the entire game.
 B = Non-inter-level travel turns spent in this place as a percentage of non-inter-level travel turns spent in the entire game.
 C = Inter-level travel turns spent in this place as a percentage of turns spent in this place.
 D = Turns resting spent in this place as a percentage of non-inter-level travel turns spent in this place.
 E = Turns spent auto-exploring this place as a percentage of non-inter-level travel turns spent in this place.
 F = Non-inter-level travel turns spent in this place divided by the number of levels of this place that you've seen.
                   A       B       C       D       E      F
               +-------+-------+-------+-------+-------+----------------------
         Total | 100.0 | 100.0 |   0.0 |   0.0 |   0.0 |  96.2
       Dungeon | 100.0 | 100.0 |   0.0 |   0.0 |   0.0 |  96.2
               +-------+-------+-------+-------+-------+----------------------

Table legend:
 A = Kills in this place as a percentage of kills in entire the game.
 B = Kills by you in this place as a percentage of kills by you in the entire game.
 C = Kills by friends in this place as a percentage of kills by friends in the entire game.
 D = Other kills in this place as a percentage of other kills in the entire game.
 E = Experience gained in this place as a percentage of experience gained in the entire game.
 F = Experience gained in this place divided by the number of levels of this place that you have seen.
                   A       B       C       D       E      F
               +-------+-------+-------+-------+-------+----------------------
         Total | 100.0 | 100.0 |  -nan |  -nan | 100.0 |  15.4
       Dungeon | 100.0 | 100.0 |  -nan |  -nan | 100.0 |  15.4
               +-------+-------+-------+-------+-------+----------------------
